 Dungeon Crawl Stone Soup version 0.31.0-4-g52a2dc7128 (webtiles) character file.

Game seed: 17631239262264032970

146 MonkeyDNika the Cudgeller (level 5, 0/47 HPs)
             Began as a Minotaur Berserker on Jan 22, 2024.
             Was a Believer of Trog.
             Shot with an arrow by a centaur (13 damage)
             ... on level 3 of the Dungeon.
             The game lasted 00:09:29 (2372 turns).

MonkeyDNika the Cudgeller (Minotaur Berserker)      Turns: 2372, Time: 00:09:30

Health: 0/47       AC:  3    Str: 24    XL:     5   Next: 7%
Magic:  4/4        EV: 12    Int:  4    God:    Trog [**....]
Gold:   88         SH:  0    Dex:  9    Spells: 4/4 levels left

rFire   . . .        a - +0 mace
rCold   . . .        (no shield)
rNeg    . . .        f - +0 leather armour
rPois   .            (helmet restricted)
rElec   .            (no cloak)
rCorr   .            (no gloves)
SInv    .            (no boots)
Will    ++...        (no amulet)
Stlth   +            (no ring)
HPRegen 1.27/turn    (no ring)
MPRegen 0.09/turn

%: no passive effects
@: strong-willed, regenerating
A: horns 2, retaliatory headbutt
a: Renounce Religion, Berserk, Trog's Hand


You were on level 3 of the Dungeon.
You worshipped Trog.
Trog was pleased with you.
You visited 1 branch of the dungeon, and saw 3 of its levels.

You collected 88 gold pieces.

Inventory:

Hand Weapons
 a - a +0 mace (weapon)
 l - a +0 quarterstaff
Armour
 b - a +0 animal skin
 f - a +0 leather armour (worn)
Scrolls
 g - a scroll of vulnerability {unknown}
 h - a scroll of poison {unknown}
 j - a scroll of noise {unknown}
 k - a scroll of identify {unknown}
 m - a scroll of fog {unknown}
 n - a scroll of amnesia {unknown}
 o - a scroll of enchant armour {unknown}
Potions
 c - a potion of invisibility {unknown}
 d - 2 potions of haste {unknown}
 e - 4 potions of curing {unknown}
 i - a potion of heal wounds {unknown}


   Skills:
 + Level 4.6 Fighting
 + Level 5.4 Maces & Flails
 + Level 3.2 Armour
 + Level 2.9 Dodging
 + Level 0.4 Stealth


You had 4 spell levels left.
You didn't know any spells.
Your spell library was empty.

Dungeon Overview and Level Annotations

Branches:
Dungeon (3/15)

Altars:
Gozag

Annotations:
D:3 hawla's ghost, amateur DEFE


Innate Abilities, Weirdness & Mutations

You have a pair of horns on your head.
You reflexively headbutt those who attack you in melee.


Message History

You are too injured to fight recklessly!
Hawla's ghost attacks as it pursues you!
Hawla's ghost hits you. Hawla's ghost freezes you.
The frilled lizard hisses.
You are too injured to fight recklessly!
You hit hawla's ghost.
Hawla's ghost is lightly damaged.
Hawla's ghost closely misses you. Hawla's ghost barely misses you.
You hit hawla's ghost but do no damage.
Hawla's ghost is lightly damaged.
Hawla's ghost closely misses you. Hawla's ghost hits you.
Hawla's ghost freezes you.
Your skin crawls.
You feel strong-willed. Hawla's ghost hits you. Hawla's ghost freezes you.
Hawla's ghost attacks as it pursues you!
Hawla's ghost barely misses you. You furiously retaliate!
You headbutt hawla's ghost!
The iguana hisses menacingly.
Hawla's ghost hits you but does no damage.
Hawla's ghost attacks as it pursues you!
Hawla's ghost hits you. Hawla's ghost freezes you.
The centaur shoots an arrow.
The arrow hits you!
* * * LOW HITPOINT WARNING * * *
You sock hawla's ghost!
Hawla's ghost is severely damaged.
The centaur shoots an arrow.
The arrow barely misses you.
Hawla's ghost hits you but does no damage.
Hawla's ghost hits you.
* * * LOW HITPOINT WARNING * * *
Hawla's ghost freezes you.
* * * LOW HITPOINT WARNING * * *
The frilled lizard attacks as it pursues you!
The frilled lizard completely misses you.
You hit the frilled lizard.
You kill the frilled lizard!
Trog accepts your kill.
The centaur shoots an arrow.
The arrow completely misses you.
The centaur shoots an arrow.
The arrow hits you!
You die...

.# #.. #.# #.# #.#
#.######### ## ##
########.#.......#
#...###........#.#####.#
#.#....@....#....# #.#
#...###†######...# #.. ##.#
#.W##.8.##..# #.#
######.###c.#$$.$.##.#####.#
#...w.....l.'$...8##....†..#
#.####.#....'?_8$∩##########
#.####.#.#..'..$.8# ##
#cl.w....)..#$$.$.# #.
#..##..#....##.8∩## #.


You could see a centaur, an iguana and hawla's ghost.

Vanquished Creatures
  A gnoll (D:1)
  6 adders
  A ribbon worm (D:2)
  2 dart slugs
  3 orcs (D:3)
  4 ball pythons
  5 endoplasms
  5 giant cockroaches
  3 goblins (D:3)
  6 hobgoblins
  3 jackals (D:1)
  6 quokkas
  4 bats
  4 frilled lizards
  13 kobolds
  4 rats
70 creatures vanquished.

Notes
Turn   | Place    | Note
-------+----------+-------------------------------------------
     0 | D:1      | MonkeyDNika the Minotaur Berserker began the quest for the
                  | Orb.
     0 | D:1      | Reached XP level 1. HP: 19/19 MP: 0/0
    95 | D:1      | Reached XP level 2. HP: 19/27 MP: 1/1
   492 | D:1      | Reached skill level 4 in Maces & Flails
   753 | D:1      | Reached XP level 3. HP: 30/33 MP: 2/2
  1286 | D:2      | Reached ** piety under Trog
  1287 | D:2      | Reached XP level 4. HP: 37/41 MP: 3/3
  1954 | D:3      | Reached skill level 5 in Maces & Flails
  2310 | D:3      | Reached XP level 5. HP: 47/47 MP: 4/4
  2328 | D:3      | Found a runed translucent gate.
  2328 | D:3      | Found a runed translucent gate.
  2328 | D:3      | Found an opulent altar of Gozag.
  2328 | D:3      | Found a runed translucent gate.
  2328 | D:3      | Noticed a centaur
  2329 | D:3      | Noticed hawla's ghost (amateur DEFE)
  2372 | D:3      | Shot with an arrow by a centaur

Illustrated notes

Levels and vault maps discovered:
D:1:      minmay_arrival_open_corners, layout_basic
D:2:      layout_basic, serial_bayou, serial_bayou_lagoon_b,
          serial_bayou_shore_a, serial_bayou_pond_e, serial_bayou_shore_b,
          serial_bayou_pond_c, serial_bayou_ford_a
D:3:      cheibrodos_thug_alley, layout_loops_corners,
          gammafunk_temple_overflow_statue, lemuel_crystal_altar,
          ebering_ghost_gozag, hangedman_feature_mirror

Skill      XL: |  1  2  3  4 |
---------------+-------------+-----
Fighting       | 4 |  4.6
Maces & Flails | 4 5 |  5.4
Armour         | 3 |  3.2
Dodging        | |  2.9
Stealth        | |  0.4

Action                     |  1- 3 |  4- 6 || total
---------------------------+-------+-------++-------
  Melee: Mace              |    97 |    76 ||   173
         Headbutt          |     6 |     5 ||    11
 Invoke: Trog's Hand       |       |     1 ||     1
    Use: Scroll            |     1 |       ||     1
   Stab: Sleeping          |     1 |       ||     1
 Armour: Animal skin       |    11 |       ||    11
         Leather armour    |    44 |    60 ||   104
  Dodge: Dodged            |    70 |    51 ||   121
